BSA
PLYMOUTH ROCKS @ ORLANDO CALRISSIAN
06/17/2027
 
TOP OF THE 1ST
Plymouth Rocks batting - Pitching for Orlando Calrissian : LHP Mike Murray
Pitching: LHP Mike Murray
Batting: RHB José García 0-0: Ball
1-0: Ball
2-0: Ball
3-0: Called Strike
3-1: Base on Balls
Batting: RHB António Gonzáles 0-0: Ball
1-0: Grounds into double play, 5-4-3 (Groundball, 56)
Batting: SHB Víctor Serrano 0-0: Called Strike
0-1: Foul Ball, location: 2F
0-2: Ball
1-2: Foul Ball, location: 2F
1-2: Ball
2-2: SINGLE (Line Drive, 3)
Batting: LHB Roberto García 0-0: Ball
1-0: Reached on error, E9 (Line Drive, 9D)
Víctor Serrano to third
Batting: RHB Víctor Chávez 0-0: SINGLE (Line Drive, 6MD)
Víctor Serrano scores
Roberto García to third
Batting: RHB Taylor McFarland 0-0: Foul Ball, location: 2F
0-1: Ball
1-1: Foul Ball, location: 2F
1-2: Foul Ball, location: 2F
1-2: Ball
2-2: Ground out 4-3 (Groundball, 4S)
Top of the 1st over - 1 run(s), 2 hit(s), 1 error(s), 2 left on base; Plymouth 1 - Orlando 0
BOTTOM OF THE 1ST
Orlando Calrissian batting - Pitching for Plymouth Rocks : RHP José López
Pitching: RHP José López
Batting: RHB José Pérez 0-0: Ball
1-0: Swinging Strike
1-1: Ground out 6-3 (Groundball, 6)
Batting: SHB Tim Abbott 0-0: Foul Ball, location: 2F
0-1: Swinging Strike
0-2: Strikes out swinging
Batting: RHB Pepe González 0-0: Ball
1-0: Foul Ball, location: 2F
1-1: SOLO HOME RUN (Flyball, 78XD), Distance : 407 ft
Batting: RHB Rich Anderson 0-0: Ball
1-0: Ground out 6-3 (Groundball, 6)
Bottom of the 1st over - 1 run(s), 1 hit(s), 0 error(s), 0 left on base; Plymouth 1 - Orlando 1
TOP OF THE 2ND
Plymouth Rocks batting - Pitching for Orlando Calrissian : LHP Mike Murray
Batting: SHB Derek Roach 0-0: Ball
1-0: Called Strike
1-1: Ball
2-1: Ball
3-1: Foul Ball, location: 2F
3-2: Foul Ball, location: 2F
3-2: Base on Balls
Batting: LHB Barrett Waters 0-0: Called Strike
0-1: Fly out, F4 (Popup, 3D)
Batting: RHB Andrés Lara 0-0: Ball
1-0: Foul Ball, location: 2F
1-1: Called Strike
1-2: 2-RUN HOME RUN (Flyball, 78XD), Distance : 414 ft
Batting: RHB José García 0-0: Ball
1-0: Called Strike
1-1: Ball
2-1: Ball
3-1: Called Strike
3-2: Foul Ball, location: 2F
3-2: Base on Balls
Batting: RHB António Gonzáles 0-0: Ball
1-0: Fly out, F9 (Flyball, 9LS)
Batting: SHB Víctor Serrano 0-0: Foul Ball, location: 2F
0-1: Ball
1-1: Foul Ball, location: 2F
1-2: Ball
2-2: Ball
3-2: Foul Ball, location: 2F
3-2: Ground out 5-3 (Groundball, 5L)
Top of the 2nd over - 2 run(s), 1 hit(s), 0 error(s), 1 left on base; Plymouth 3 - Orlando 1
BOTTOM OF THE 2ND
Orlando Calrissian batting - Pitching for Plymouth Rocks : RHP José López
Batting: LHB Santiago Márquez 0-0: Foul Ball, location: 2F
0-1: Swinging Strike
0-2: Ball
1-2: Ground out 6-3 (Groundball, 6)
Batting: RHB Frederico Hernández 0-0: Called Strike
0-1: Ball
1-1: Ball
2-1: Called Strike
2-2: Foul Ball, location: 2F
2-2: Fly out, F8 (Flyball, 8RD)
Batting: RHB Raúl Canó 0-0: Ball
1-0: Called Strike
1-1: Fly out, F4 (Popup, 3D)
Bottom of the 2nd over - 0 run(s), 0 hit(s), 0 error(s), 0 left on base; Plymouth 3 - Orlando 1
TOP OF THE 3RD
Plymouth Rocks batting - Pitching for Orlando Calrissian : LHP Mike Murray
Batting: LHB Roberto García 0-0: Swinging Strike
0-1: Called Strike
0-2: Strikes out swinging
Batting: RHB Víctor Chávez 0-0: Called Strike
0-1: Ground out 4-3 (Groundball, 4)
Batting: RHB Taylor McFarland 0-0: Foul Ball, location: 2F
0-1: Called Strike
0-2: SINGLE (Line Drive, 4D)
Batting: SHB Derek Roach 0-0: Called Strike
0-1: Ball
1-1: Fly out, F5 (Popup, 5L)
Top of the 3rd over - 0 run(s), 1 hit(s), 0 error(s), 1 left on base; Plymouth 3 - Orlando 1
BOTTOM OF THE 3RD
Orlando Calrissian batting - Pitching for Plymouth Rocks : RHP José López
Batting: SHB Jaime Montés 0-0: Ball
1-0: Swinging Strike
1-1: SINGLE (Line Drive, 4MD)
Batting: SHB Brian Price 0-0: Fly out, F7 (Flyball, 78S)
Batting: RHB José Pérez 0-0: SINGLE (Groundball, 4D)
Jaime Montés to second
Runner from 2nd tries for 3rd, OUT!
José Pérez to second
Batting: SHB Tim Abbott 0-0: Called Strike
0-1: Ball
1-1: Foul Ball, location: 2F
1-2: Ball
2-2: Foul Ball, location: 2F
2-2: Ball
3-2: Foul Ball, location: 2F
3-2: Foul Ball, location: 2F
3-2: Strikes out swinging, 2-3 out at first.
Bottom of the 3rd over - 0 run(s), 2 hit(s), 0 error(s), 1 left on base; Plymouth 3 - Orlando 1
TOP OF THE 4TH
Plymouth Rocks batting - Pitching for Orlando Calrissian : LHP Mike Murray
Batting: LHB Barrett Waters 0-0: Swinging Strike
0-1: Ball
1-1: Swinging Strike
1-2: Strikes out swinging
Batting: RHB Andrés Lara 0-0: Fly out, F8 (Flyball, 89D)
Batting: RHB José García 0-0: Foul Ball, location: 2F
0-1: Called Strike
0-2: Foul Ball, location: 2F
0-2: Ground out 5-3 (Groundball, 56S)
Top of the 4th over - 0 run(s), 0 hit(s), 0 error(s), 0 left on base; Plymouth 3 - Orlando 1
BOTTOM OF THE 4TH
Orlando Calrissian batting - Pitching for Plymouth Rocks : RHP José López
Batting: RHB Pepe González 0-0: Swinging Strike
0-1: Foul Ball, location: 2F
0-2: Ground out 6-3 (Groundball, 6)
Batting: RHB Rich Anderson 0-0: Ball
1-0: Called Strike
1-1: Ball
2-1: Swinging Strike
2-2: Ball
3-2: Foul Ball, location: 2F
3-2: Foul Ball, location: 2F
3-2: Base on Balls
Batting: LHB Santiago Márquez 0-0: Foul Ball, location: 2F
0-1: Called Strike
0-2: Foul Ball, location: 2F
0-2: Foul Ball, location: 2F
0-2: Ball
1-2: Ball
2-2: Foul Ball, location: 2F
2-2: Fly out, F8 (Flyball, 8LM)
Batting: RHB Frederico Hernández 0-0: Called Strike
0-1: Fly out, F5 (Line Drive, 56S)
Bottom of the 4th over - 0 run(s), 0 hit(s), 0 error(s), 1 left on base; Plymouth 3 - Orlando 1
TOP OF THE 5TH
Plymouth Rocks batting - Pitching for Orlando Calrissian : LHP Mike Murray
Batting: RHB António Gonzáles 0-0: Called Strike
0-1: Called Strike
0-2: Foul Ball, location: 2F
0-2: Fly out, F7 (Flyball, 78M)
Batting: SHB Víctor Serrano 0-0: Ball
1-0: Foul Ball, location: 2F
1-1: Ball
2-1: Ball
3-1: Base on Balls
Batting: LHB Roberto García 0-0: Ball
1-0: Foul Ball, location: 2F
1-1: Ball
2-1: Ball
3-1: SINGLE (Flyball, 7S)
Víctor Serrano to second
Pitching: RHP Ramón Soto
Batting: RHB Víctor Chávez 0-0: Ball
1-0: Ball
2-0: Ground out 2-3 (Groundball, 15S)
Víctor Serrano to third
Roberto García to second
Batting: RHB Taylor McFarland 0-0: Called Strike
0-1: Ground out 1-3 (Groundball, P)
Top of the 5th over - 0 run(s), 1 hit(s), 0 error(s), 2 left on base; Plymouth 3 - Orlando 1
BOTTOM OF THE 5TH
Orlando Calrissian batting - Pitching for Plymouth Rocks : RHP José López
Batting: RHB Raúl Canó 0-0: Ball
1-0: Foul Ball, location: 2F
1-1: Ball
2-1: SOLO HOME RUN (Flyball, 7D), Distance : 370 ft
Batting: SHB Jaime Montés 0-0: Called Strike
0-1: Ball
1-1: Swinging Strike
1-2: Foul Ball, location: 2F
1-2: Foul Ball, location: 2F
1-2: Ball
2-2: Foul Ball, location: 2F
2-2: Strikes out swinging
Batting: SHB Brian Price 0-0: Ball
1-0: Fly out, F9 (Flyball, 89D)
Batting: RHB José Pérez 0-0: Called Strike
0-1: Called Strike
0-2: Fly out, F9 (Flyball, 9)
Bottom of the 5th over - 1 run(s), 1 hit(s), 0 error(s), 0 left on base; Plymouth 3 - Orlando 2
TOP OF THE 6TH
Plymouth Rocks batting - Pitching for Orlando Calrissian : RHP Ramón Soto
Batting: SHB Derek Roach 0-0: Called Strike
0-1: Ball
1-1: Called Strike
1-2: Strikes out swinging
Batting: LHB Barrett Waters 0-0: Called Strike
0-1: Ball
1-1: Foul Ball, location: 2F
1-2: Ball
2-2: Strikes out swinging
Batting: RHB Andrés Lara 0-0: Called Strike
0-1: Fly out, F8 (Flyball, 8LM)
Top of the 6th over - 0 run(s), 0 hit(s), 0 error(s), 0 left on base; Plymouth 3 - Orlando 2
BOTTOM OF THE 6TH
Orlando Calrissian batting - Pitching for Plymouth Rocks : RHP José López
Batting: SHB Tim Abbott 0-0: Ball
1-0: Called Strike
1-1: SINGLE (Groundball, 4MD)
Batting: RHB Pepe González 0-0: Ball
1-0: Ball
2-0: Ball
3-0: Called Strike
3-1: Foul Ball, location: 2F
3-2: Base on Balls
Tim Abbott to second
Batting: RHB Rich Anderson 0-0: Ball
1-0: Ball
2-0: Foul Ball, location: 2F
2-1: Ball
3-1: Base on Balls
Tim Abbott to third
Pepe González to second
Batting: LHB Santiago Márquez 0-0: Called Strike
0-1: Swinging Strike
0-2: Ball
1-2: Ball
2-2: Foul Ball, location: 2F
2-2: Ball
3-2: Foul Ball, location: 2F
3-2: Fly out, F9 (Flyball, 89M)
Pitching: RHP Scot MacIntosh
Batting: RHB Frederico Hernández 0-0: Called Strike
0-1: Foul Ball, location: 2F
0-2: Strikes out swinging
Batting: RHB Raúl Canó 0-0: Called Strike
0-1: Swinging Strike
0-2: Strikes out swinging
Bottom of the 6th over - 0 run(s), 1 hit(s), 0 error(s), 3 left on base; Plymouth 3 - Orlando 2
TOP OF THE 7TH
Plymouth Rocks batting - Pitching for Orlando Calrissian : RHP Ramón Soto
Batting: RHB José García 0-0: Called Strike
0-1: Foul Ball, location: 2F
0-2: Ground out 5-3 (Groundball, 56)
Batting: RHB António Gonzáles 0-0: Ball
1-0: Foul Ball, location: 2F
1-1: Called Strike
1-2: Ball
2-2: SINGLE (Groundball, 56D)
Batting: SHB Víctor Serrano 0-0: Swinging Strike
0-1: Swinging Strike
0-2: Ball
1-2: Strikes out swinging
Batting: LHB Roberto García 0-0: Ball
1-0: Swinging Strike
1-1: Foul Ball, location: 2F
1-2: Foul Ball, location: 2F
1-2: Reached on error, E6 (Groundball, 6)
António Gonzáles to second
Batting: RHB Víctor Chávez 0-0: Called Strike
0-1: Fly out, F8 (Line Drive, 8LD)
Top of the 7th over - 0 run(s), 1 hit(s), 1 error(s), 2 left on base; Plymouth 3 - Orlando 2
BOTTOM OF THE 7TH
Orlando Calrissian batting - Pitching for Plymouth Rocks : RHP Scot MacIntosh
Batting: SHB Jaime Montés 0-0: Swinging Strike
0-1: Ball
1-1: Swinging Strike
1-2: Strikes out looking
Batting: SHB Brian Price 0-0: Foul Ball, location: 2F
0-1: Swinging Strike
0-2: Strikes out swinging
Batting: RHB José Pérez 0-0: Ball
1-0: Foul Ball, location: 2F
1-1: Ball
2-1: SINGLE (Groundball, 56D)
Batting: SHB Tim Abbott 0-0: Called Strike
0-1: Swinging Strike
0-2: Ball
José Pérez is caught stealing 2nd base
Bottom of the 7th over - 0 run(s), 1 hit(s), 0 error(s), 0 left on base; Plymouth 3 - Orlando 2
TOP OF THE 8TH
Plymouth Rocks batting - Pitching for Orlando Calrissian : RHP Ramón Soto
Batting: RHB Taylor McFarland 0-0: Ground out 4-3 (Groundball, 4D)
Batting: SHB Derek Roach 0-0: Ground out 4-3 (Groundball, 4)
Batting: LHB Barrett Waters 0-0: SINGLE (Groundball, 6MD)
Pinch Hitting: LHB Roy Patrick 0-0: Ball
1-0: 2-RUN HOME RUN (Flyball, 7D), Distance : 386 ft
Batting: RHB José García 0-0: SINGLE (Groundball, 34D)
Pitching: LHP Pepe Caro
Batting: RHB António Gonzáles 0-0: Ball
1-0: SINGLE (Groundball, 34D)
José García to second
Runner from 2nd tries for 3rd, SAFE, no throw
Batting: SHB Víctor Serrano 0-0: Ball
1-0: Foul Ball, location: 2F
1-1: Ball
2-1: Ball
3-1: Called Strike
3-2: Foul Ball, location: 2F
3-2: Base on Balls
António Gonzáles to second
Batting: LHB Roberto García 0-0: Called Strike
0-1: Called Strike
0-2: Ball
1-2: Foul Ball, location: 2F
1-2: Ball
2-2: Ball
3-2: Reached on error, E5 (Groundball, 56)
José García scores
António Gonzáles to third
Víctor Serrano to second
Batting: RHB Víctor Chávez 0-0: Ball
1-0: Ball
2-0: Ball
3-0: Base on Balls
António Gonzáles scores
Víctor Serrano to third
Roberto García to second
Batting: RHB Taylor McFarland 0-0: Ball
1-0: Called Strike
1-1: Ball
2-1: SINGLE (Line Drive, 8LS)
Víctor Serrano scores
Roberto García to third
Víctor Chávez to second
Runner from 3rd tries for Home, SAFE, throw made home
Víctor Chávez to third
Taylor McFarland to second
Batting: SHB Derek Roach 0-0: Ball
1-0: Ball
2-0: Ball
3-0: Called Strike
3-1: Swinging Strike
3-2: Base on Balls
Batting: LHB Barrett Waters 0-0: Called Strike
0-1: Foul Ball, location: 2F
0-2: Strikes out swinging
Top of the 8th over - 6 run(s), 5 hit(s), 1 error(s), 3 left on base; Plymouth 9 - Orlando 2
BOTTOM OF THE 8TH
Orlando Calrissian batting - Pitching for Plymouth Rocks : RHP Scot MacIntosh
Now in LF: Roy Patrick
Batting: SHB Tim Abbott 0-0: Ball
1-0: SINGLE (Line Drive, 9LM)
Batting: RHB Pepe González 0-0: Fly out, F8 (Flyball, 8LM)
Batting: RHB Rich Anderson 0-0: Grounds into double play, 1-6-3 (Groundball, P)
Bottom of the 8th over - 0 run(s), 1 hit(s), 0 error(s), 0 left on base; Plymouth 9 - Orlando 2
TOP OF THE 9TH
Plymouth Rocks batting - Pitching for Orlando Calrissian : LHP Pepe Caro
Batting: LHB Roy Patrick 0-0: Fly out, F8 (Flyball, 8LS)
Batting: RHB José García 0-0: Foul Ball, location: 2F
0-1: Ball
1-1: Called Strike
1-2: Fly out, F9 (Flyball, 9)
Batting: RHB António Gonzáles 0-0: Called Strike
0-1: Called Strike
0-2: Ball
1-2: Ball
2-2: DOUBLE (Line Drive, 8LM)
Batting: SHB Víctor Serrano 0-0: Ball
1-0: Ball
2-0: Swinging Strike
2-1: Fly out, F9 (Flyball, 9LSF)
Top of the 9th over - 0 run(s), 1 hit(s), 0 error(s), 1 left on base; Plymouth 9 - Orlando 2
BOTTOM OF THE 9TH
Orlando Calrissian batting - Pitching for Plymouth Rocks : RHP Scot MacIntosh
Batting: LHB Santiago Márquez 0-0: Called Strike
0-1: Foul Ball, location: 2F
0-2: Ball
1-2: Strikes out looking
Batting: RHB Frederico Hernández 0-0: Foul Ball, location: 2F
0-1: Ground out 5-3 (Groundball, 56)
Batting: RHB Raúl Canó 0-0: Ball
1-0: Swinging Strike
1-1: Fly out, F4 (Popup, 34)
Bottom of the 9th over - 0 run(s), 0 hit(s), 0 error(s), 0 left on base; Plymouth 9 - Orlando 2
Thursday, March 30th, 2017 - OOTP Baseball 17.12 Build 75